 Dungeon Crawl Stone Soup version 0.25-a0-36-g303dd5b (webtiles) character file.

Game seed: 12055264704694184201, levelgen mode: deterministic

29077 Kel the Cleaver (level 13, -21/125 HPs)
             Began as a Minotaur Fighter on Oct 20, 2019.
             Was a High Priest of Qazlal.
             Demolished by Rupert
             ... wielding a +0 great sword of protection
              (34 damage)
             ... on level 5 of the Lair of Beasts.
             The game lasted 00:50:05 (16398 turns).

Kel the Cleaver (Minotaur Fighter)                 Turns: 16398, Time: 00:50:05

Health: -21/125    AC: 22    Str: 24    XL:     13   Next: 13%
Magic:  12/12      EV:  7    Int:  7    God:    Qazlal [*****.]
Gold:   860        SH: 12    Dex: 10    Spells: 12/12 levels left

rFire    . . .     SeeInvis .   G - +1 battleaxe
rCold    + . .     Gourm    .   (shield currently unavailable)
rNeg     + . .     Faith    .   O - +0 plate armour
rPois    .         Spirit   .   (helmet unavailable)
rElec    .         Reflect  +   R - scarf {repulsion}
rCorr    +         Harm     .   t - +1 pair of gloves
MR       .....     Rnd*Tele +   (no boots)
Stlth    ..........             y - +6 amulet of reflection
HPRegen  0.30/turn              D - ring of resist corrosion
MPRegen  0.13/turn              K - ring of Afovyuss {rC+ rN+ Int+2}

@: about to teleport, protected from physical damage, studying Axes, repel
missiles
A: retaliatory headbutt, horns 3, clumsy 1, teleportitis 1, subdued magic 1
a: Upheaval, Elemental Force, Disaster Area, Renounce Religion


You were on level 5 of the Lair of Beasts.
You worshipped Qazlal.
Qazlal was extremely pleased with you.
You were hungry.

You visited 3 branches of the dungeon, and saw 18 of its levels.
You also visited: Ossuary.

You collected 860 gold pieces.

Inventory:

Hand Weapons
 a - a +1 war axe
 G - a +1 battleaxe (weapon)
 H - a +3 spear of piercing
Missiles
 J - 18 arrows
Armour
 t - a +1 pair of gloves (worn)
 u - a +2 cloak
 z - a +2 shield
 M - a scarf of cloud immunity
 O - a +0 plate armour (worn)
 R - a scarf of repulsion (worn)
Jewellery
 v - an uncursed ring of positive energy
 y - a +6 amulet of reflection (around neck)
 B - an uncursed ring of ice
 D - a ring of resist corrosion (left hand)
 F - an uncursed amulet of rage
 K - the ring of Afovyuss (right hand) {rC+ rN+ Int+2}
   (You found it on level 1 of the Lair of Beasts)

   [ring of intelligence]

   It affects your intelligence (+2).
   It protects you from cold.
   It protects you from negative energy.
 T - an uncursed amulet of the gourmand
 U - an uncursed ring of stealth
 W - an uncursed ring of poison resistance {unknown}
Wands
 b - a wand of disintegration (23)
 r - a wand of flame (36)
 A - a wand of random effects (14)
 I - a wand of digging (4)
 N - a wand of paralysis (11)
 P - a wand of acid (6)
Scrolls
 d - a scroll of fear
 g - 3 scrolls of identify
 h - 3 scrolls of fog
 i - 2 scrolls of amnesia
 j - 7 scrolls of enchant armour
 k - 3 scrolls of magic mapping {unknown}
 l - 4 scrolls of remove curse
 n - 8 scrolls of teleportation
 o - a scroll of holy word {unknown}
 L - a scroll of enchant weapon
 Q - a scroll of silence {unknown}
 X - 2 scrolls of vulnerability {unknown}
Potions
 c - 2 potions of lignification {unknown}
 e - 3 potions of flight
 m - a potion of heal wounds {unknown}
 p - a potion of might
 q - 2 potions of agility
 s - 2 potions of curing
 w - 2 potions of cancellation
 x - 2 potions of magic {unknown}
 C - a potion of ambrosia {unknown}
 E - a potion of berserk rage {unknown}
 S - a potion of brilliance
Books
 V - a manual of Axes
Comestibles
 f - 35 rations


   Skills:
 * Level 14.4 Fighting
 * Level 14.5 Axes
 * Level 14.4 Armour
 - Level 10.0 Shields


You had 12 spell levels left.
You didn't know any spells.
Your spell library contained the following spells:

 Spells                   Type           Power        Failure   Level  Hunger
 Animate Skeleton         Necr           N/A          98%         1    ##.....
 Apportation              Tloc           #.....       98%         1    ##.....
 Beastly Appendage        Tmut           #.....       98%         1    ##.....
 Confusing Touch          Hex            #.....       98%         1    ##.....
 Shock                    Conj/Air       #...         98%         1    ##.....
 Summon Small Mammal      Summ           #...         98%         1    ##.....
 Sticks to Snakes         Tmut           #.......     99%         2    ###....
 Swiftness                Chrm/Air       #.......     99%         2    ###....
 Confuse                  Hex            #.......     100%        3    ####...
 Gell's Gravitas          Tloc           #.........   100%        3    ####...
 Spider Form              Tmut/Pois      #.........   100%        3    ####...
 Static Discharge         Conj/Air       #.......     100%        3    ####...
 Airstrike                Air            #.........   100%        4    #####..
 Ice Form                 Ice/Tmut       #.......     100%        4    #####..
 Petrify                  Tmut/Erth      #.......     100%        4    #####..
 Blade Hands              Tmut           #.........   100%        5    ######.
 Lightning Bolt           Conj/Air       #.........   100%        5    ######.
 Metabolic Englaciation   Hex/Ice        #.........   100%        5    ######.
 Yara's Violent Unravell  Hex/Tmut       #.........   100%        5    ######.


Dungeon Overview and Level Annotations

Branches:
Dungeon (12/15)            Temple (1/1) D:4            Lair (5/6) D:8
 Shoals (0/4) Lair:4       Spider (0/4) Lair:3      Ossuary (visited)
  Slime: Lair:5-6       Orc: D:9-12

Altars:
Ashenzari
Cheibriados
Dithmenos
Elyvilon
Fedhas
Gozag
Hepliaklqana
Kikubaaqudgha
Makhleb
Nemelex Xobeh
Okawaru
Qazlal
Ru
Sif Muna
Trog
Uskayaw
Vehumet
Wu Jian
Xom
Yredelemnul
Zin
The Shining One

Shops:
D:6 !

Annotations:
D:7 2 transporters
Lair:5 Rupert


Innate Abilities, Weirdness & Mutations

You reflexively headbutt those who attack you in melee.
You have a pair of large horns on your head.
You are clumsy. (Dex -2)
You are occasionally teleported next to monsters.
Your spells are a little easier to cast, but a little less powerful.


Message History

Rupert is heavily wounded.
Rupert hits you but does no damage.
You feel better. Rupert closely misses you.
You barely miss Rupert.
Rupert is heavily wounded.
Rupert hits you with a +0 great sword of protection!!
* * * LOW HITPOINT WARNING * * *
You feel more protected from physical attacks.
Rupert barely misses you.
You fail to use your ability.
Rupert hits you with a +0 great sword of protection.
* * * LOW HITPOINT WARNING * * *
You feel more protected from physical attacks.
You feel better.
Rupert hits you with a +0 great sword of protection!
* * * LOW HITPOINT WARNING * * *
As you read the scroll of teleportation, it crumbles to dust.
You feel strangely unstable. Rupert hits you but does no damage.
Rupert hits you with a +0 great sword of protection!!
You die...

..P......#.# ## #...
..........###### .##....
............##.# .P.....
...............# ......
......<...#..#'## .....
...#...+###.....###'#'##..
...#.....##....).#..○.....
...#.....##...☼.#@○....#..
...#.........⌠..@.§....#
....#..⌠.........○.⌠..##
..............☼.......#
#...##.......⌠........#
##...##.............#...
##...# #..⌠..>..⌠..##....
#.#.## #.........##......
..#.#####....⌠.[.#........
....#.....#..÷............


You could see Rupert (berserk).

Vanquished Creatures
  3 hydras
  A two-headed ogre (D:8)
  3 death yaks
  A wolf spider (Lair:3)
  An ugly thing (D:11)
  A manticore (D:12)
  A centaur zombie (D:10)
  10 elephants
  Joseph (D:10)
  A black mamba (Lair:2)
  2 merfolk sirens (Lair:4)
  4 spiny frogs
  A komodo dragon (Lair:4)
  A queen bee (Lair:1)
  2 merfolk (Lair:4)
  2 trolls (D:10)
  A polar bear (Lair:4)
  2 jumping spiders (Lair:3)
  A hornet (D:11)
  5 blink frogs (Lair:3)
  3 hippogriffs
  A spriggan (D:7)
  2 wyverns
  2 basilisks
  A wraith (D:10)
  Grum (D:8)
  A steam dragon (Lair:2)
  15 yaks
  6 water moccasins
  2 black bears
  6 porcupines
  3 orc warriors
  An eye of draining (D:12)
  A phantom (D:7)
  An ice beast (D:8)
  A necrophage (D:6)
  28 wolves
  4 boggarts (Lair:4)
  An ogre (D:11)
  3 centaurs
  A big kobold (D:10)
  6 crocodiles
  18 bullfrogs
  A wyvern zombie (D:11)
  A gnoll sergeant (D:5)
  9 scorpions
  17 killer bees (Lair:1)
  8 wights
  5 howler monkeys
  2 electric eels
  6 crimson imps
  A bullfrog zombie (D:12)
  5 orc priests
  6 orc wizards
  2 centaur skeletons (D:4)
  3 bullfrog skeletons
  3 hounds
  4 jellies
  4 human zombies (Ossuary)
  Jessica (D:3)
  Ijyb (D:3)
  Terence (D:2)
  8 iguanas
  Natasha (twice) (D:2)
  6 worker ants
  2 big kobold zombies (Ossuary)
  3 mummies
  3 hound zombies
  A howler monkey zombie (D:9)
  Robin (D:4)
  12 gnolls
  2 scorpion zombies (Ossuary)
  A howler monkey skeleton (D:9)
  13 adders
  2 shadow imps
  4 oozes
  An adder zombie (D:8)
  3 worms
  3 dart slugs
  8 leopard geckos
  24 orcs
  A ball python (D:1)
  2 gnoll zombies (D:3)
  21 goblins
  14 hobgoblins
  8 jackals
  5 quokkas
  6 bats
  4 frilled lizards
  A hobgoblin zombie (Ossuary)
  17 kobolds
  2 kobold zombies
  An orc zombie (D:6)
  7 rats
  A butterfly (Lair:2)
  5 fungi
  A plant (Lair:3)
427 creatures vanquished.

Vanquished Creatures (others)
  6 fungi
  4 plants
10 creatures vanquished.

Grand Total: 437 creatures vanquished

Notes
Turn   | Place    | Note
-------+----------+-------------------------------------------
     0 | D:1      | Kel the Minotaur Fighter began the quest for the Orb.
     0 | D:1      | Reached XP level 1. HP: 19/19 MP: 0/0
    88 | D:1      | Reached XP level 2. HP: 27/27 MP: 1/1
   147 | D:1      | You fall into a shaft and drop 1 floor!
   270 | D:2      | Found a burning altar of Makhleb.
   277 | D:2      | Reached XP level 3. HP: 26/33 MP: 2/2
   400 | D:2      | Reached XP level 4. HP: 39/41 MP: 3/3
  1283 | D:2      | Noticed Terence
  1285 | D:2      | Reached XP level 5. HP: 47/47 MP: 4/4
  1298 | D:2      | Killed Terence
  1561 | D:3      | Noticed Natasha
  1569 | D:2      | Killed Natasha
  1569 | D:2      | Reached skill level 5 in Fighting
  1669 | D:2      | Noticed Natasha
  1676 | D:2      | Killed Natasha
  1676 | D:2      | Reached skill level 5 in Armour
  1676 | D:2      | Reached skill level 5 in Shields
  1920 | D:3      | Reached XP level 6. HP: 56/56 MP: 5/5
  1944 | D:3      | Noticed Jessica
  1955 | D:3      | Killed Jessica
  2136 | D:3      | Found a basalt altar of Yredelemnul.
  2699 | D:3      | Noticed Ijyb
  2713 | D:3      | Killed Ijyb
  2810 | D:3      | Found a bloodstained altar of Trog.
  3271 | D:4      | Reached skill level 5 in Axes
  3271 | D:4      | Reached XP level 7. HP: 55/62 MP: 6/6
  3331 | D:4      | Found a shimmering altar of Xom.
  3338 | D:4      | Found a bloodstained altar of Trog.
  3358 | D:4      | Found a blossoming altar of Fedhas.
  3464 | D:4      | Found a staircase to the Ecumenical Temple.
  3477 | Temple   | Entered the Ecumenical Temple
  3615 | Temple   | Became a worshipper of Qazlal Stormbringer
  3709 | D:4      | Found an opulent altar of Gozag.
  3741 | D:4      | Noticed Robin
  3768 | D:4      | Killed Robin
  3779 | D:4      | Reached * piety under Qazlal
  3861 | D:5      | Entered Level 5 of the Dungeon
  4063 | D:5      | Got a polished dagger
  4314 | D:6      | Reached XP level 8. HP: 70/71 MP: 7/7
  4372 | D:6      | Found Hetuewn's Distillery.
  4529 | D:6      | You fall into a shaft and drop 1 floor!
  4570 | D:6      | Reached ** piety under Qazlal
  4580 | D:6      | Found a sand-covered staircase.
  4611 | Ossuary  | Entered an ossuary
  4911 | Ossuary  | Reached XP level 9. HP: 81/81 MP: 8/8
  5281 | D:7      | Found a transporter.
  5314 | D:7      | Noticed a kobold demonologist
  5325 | D:7      | Found a transporter.
  5976 | D:7      | Found a snail-covered altar of Cheibriados.
  6146 | D:8      | Noticed Grum
  6149 | D:8      | Reached *** piety under Qazlal
  6319 | D:8      | Killed Grum
  6551 | D:8      | Found a staircase to the Lair.
  6551 | D:8      | Noticed a death yak
  6551 | D:8      | Noticed a death yak
  6608 | D:7      | Killed a death yak
  6868 | D:7      | Gained mutation: Your spells are a little easier to cast,
                  | but a little less powerful. [potion of mutation]
  6868 | D:7      | Gained mutation: You are clumsy. (Dex -2) [potion of
                  | mutation]
  6868 | D:7      | Gained mutation: You are occasionally teleported next to
                  | monsters. [potion of mutation]
  6868 | D:7      | Gained mutation: You have a pair of large horns on your
                  | head. [potion of mutation]
  6885 | D:7      | Killed a death yak
  6885 | D:7      | Reached XP level 10. HP: 67/93 MP: 5/9
  7020 | D:8      | Noticed a death yak
  7022 | D:8      | Reached skill level 10 in Fighting
  7025 | D:8      | Reached skill level 10 in Armour
  7040 | D:8      | Killed a death yak
  7044 | D:8      | Reached skill level 10 in Axes
  7334 | D:8      | Found an iron altar of Okawaru.
  7936 | D:9      | Identified the cursed +1 dagger of Doag {elec, Int+2} (You
                  | found it on level 5 of the Dungeon)
  7943 | D:9      | Found a snail-covered altar of Cheibriados.
  7960 | D:9      | Noticed a two-headed ogre
  7972 | D:8      | Killed a two-headed ogre
  8197 | D:9      | Found a sacrificial altar of Ru.
  8341 | D:10     | Entered Level 10 of the Dungeon
  8518 | D:10     | Reached XP level 11. HP: 94/102 MP: 10/10
  8546 | D:10     | Found a basalt altar of Yredelemnul.
  8739 | D:10     | Noticed Joseph
  8748 | D:10     | Killed Joseph
  9105 | D:10     | Reached **** piety under Qazlal
  9834 | D:11     | Noticed a purple ugly thing
  9846 | D:11     | Killed a purple ugly thing
 10168 | Lair:1   | Entered Level 1 of the Lair of Beasts
 11417 | Lair:1   | Noticed a six-headed hydra
 11494 | Lair:1   | Killed a six-headed hydra
 11494 | Lair:1   | Reached skill level 10 in Shields
 11911 | Lair:1   | Got a glittering iron ring
 11943 | Lair:1   | Identified the ring of Afovyuss {rC+ rN+ Int+2} (You found
                  | it on level 1 of the Lair of Beasts)
 12477 | Lair:2   | Reached XP level 12. HP: 111/113 MP: 11/11
 13112 | Lair:2   | Reached ***** piety under Qazlal
 14449 | Lair:3   | Found a hole to the Spider Nest.
 15221 | Lair:4   | Found a staircase to the Shoals.
 16025 | Lair:5   | Noticed a four-headed hydra
 16051 | Lair:4   | Killed a four-headed hydra
 16051 | Lair:4   | Reached XP level 13. HP: 96/124 MP: 12/12
 16378 | Lair:5   | Noticed Rupert
 16398 | Lair:5   | Demolished by Rupert

Levels and vault maps discovered:
D:1:      saegor_arrival_simple_d, layout_rooms, serial_forest,
          infiniplex_forest_clump_tiny, infiniplex_forest_straight_3,
          infiniplex_forest_clump_diagonal, infiniplex_forest_clump_diagonal,
          corexii_hall_statues_deadend
D:2:      layout_rooms, makhleb_heckhound_becter, minmay_misc_feat_cross,
          minmay_hexomino_f4, uniq_terence
D:3:      layout_loops_ring, lemuel_zombie_altar_yredelemnul,
          trog_hazing_becter, uniq_ijyb, uniq_natasha, uniq_jessica
D:4:      layout_rooms, nicolae_gozag_cash_rules_everything_around_me,
          kennysheep_mini, amethyst_overflow_temple_binary,
          minmay_temple_entry_tees, minmay_fractal_squares_gapless_5, uniq_robin
D:5:      layout_gridville, first_ration, serial_bayou_pond_d
D:6:      layout_cave_pools, serial_shops, shop_fountains,
          nicolae_ossuary_entry_giza
D:7:      gammafunk_wand_slinger, layout_basic, lemuel_coloured_pillars_altar,
          serial_park_tiny_pond, the_bakery
D:8:      layout_loops_ring, okawaru_gym_becter, dpeg_lair_monsters, uniq_grum
D:9:      layout_rooms, overflow_temple_1_default,
          ebering_dispersal_statue_hall, cheibriados_altar_1
D:10:     layout_grid_maze, grunt_ministairs_4, yredelemnul_altar_generic,
          uniq_joseph
D:11:     layout_roguey
D:12:     layout_basic, kennysheep_orc_monster_closet_entryway,
          minmay_misc_feat_rows, chequers_serial_rivers_small_a, uniq_frances,
          uniq_josephine, uniq_maurice
Temple:   cyrus_circular_temple
Lair:1:   layout_roguey, special_room [special_room_bee]
Lair:2:   layout_chaotic_city, lemuel_fruit_fields, lemuel_fruit_tree,
          serial_bayou_shore_b, grunt_megastairs_5
Lair:3:   layout_chaotic_city, spider_nest_entry_funnel_web
Lair:4:   layout_roguey, elwin_shoals_entry_stream, minivault_19, bh_chokoban,
          kilobyte_rumbling_trees, serial_bayou_shore_a,
          infiniplex_staircase_pool
Lair:5:   layout_cave_pods, patterned_corridor, serial_bayou_shore_b,
          grunt_megastairs_3, uniq_rupert

Skill      XL: |  1  2  3  4  5  6  7  8  9 10 11 12 |
---------------+-------------------------------------+-----
Fighting       | 4 5 6 8 9 11 12 14 | 14.4
Shields        | 4 5 6 7 8 9 10 | 10.0
Armour         | 4 5 6 8 9 11 12 14 | 14.4
Axes           | 3 4 5 6 7 9 10 12 14 | 14.5

Action                   |  1- 3 |  4- 6 |  7- 9 | 10-12 | 13-15 || total
-------------------------+-------+-------+-------+-------+-------++-------
Melee: War axe           |    45 |   181 |   310 |   290 |       ||   826
       Headbutt          |     9 |    33 |    61 |   136 |    10 ||   249
       Battleaxe         |       |       |       |   376 |    53 ||   429
       Spear             |       |       |       |    13 |     8 ||    21
Invok: Upheaval          |       |       |     1 |     1 |       ||     2
Evoke: Wand              |       |       |     8 |       |       ||     8
  Use: Potion            |       |     3 |     9 |     2 |     2 ||    16
       Scroll            |       |       |    14 |     8 |     1 ||    23
 Stab: Invisible         |       |       |     2 |       |       ||     2
  Eat: Chunk             |       |     8 |     4 |    21 |       ||    33
       Ration            |       |       |     2 |     3 |       ||     5
Armor: Scale mail        |    26 |    49 |       |       |       ||    75
       Chain mail        |       |    19 |   114 |   152 |       ||   285
       Plate armour      |       |       |       |   160 |    36 ||   196
Dodge: Dodged            |    17 |    55 |    48 |   173 |    16 ||   309
       Deflected         |       |       |       |     9 |       ||     9
Block: Shield            |    20 |   133 |   202 |   264 |       ||   619
       Reflection        |       |       |     1 |    13 |       ||    14
       Other             |       |       |       |   290 |    43 ||   333

Table legend:
 A = Non-vault XP
 B = Vault XP
 C = Vault XP percentage of total XP
 D = Non-vault monster count
 E = Vault monster count
 F = Vault count percentage of total count
                 A         B        C        D         E       F
            +---------+---------+-------+---------+---------+-------
      Total |   30197 |   11342 |  27.3 |     314 |     106 |  25.2
            +---------+---------+-------+---------+---------+-------
        D:1 |      52 |       0 |   0.0 |      25 |       0 |   0.0
        D:2 |     155 |     140 |  47.5 |      29 |       7 |  19.4
        D:3 |     270 |      87 |  24.4 |      27 |      10 |  27.0
        D:4 |     256 |     115 |  31.0 |      15 |      17 |  53.1
        D:5 |     302 |       0 |   0.0 |       5 |       0 |   0.0
        D:6 |     792 |      23 |   2.8 |      20 |       3 |  13.0
        D:7 |     419 |    2180 |  83.9 |      13 |       5 |  27.8
        D:8 |    2332 |    2034 |  46.6 |      33 |       7 |  17.5
        D:9 |     173 |       0 |   0.0 |       7 |       0 |   0.0
       D:10 |    2184 |     609 |  21.8 |      23 |       3 |  11.5
       D:11 |    3148 |       0 |   0.0 |      26 |       0 |   0.0
       D:12 |     593 |       0 |   0.0 |       5 |       0 |   0.0
     Lair:1 |    4996 |    1379 |  21.6 |      16 |      18 |  52.9
     Lair:2 |    4930 |     231 |   4.5 |      18 |       2 |  10.0
     Lair:3 |    3937 |    1170 |  22.9 |      27 |       3 |  10.0
     Lair:4 |    3370 |    2520 |  42.8 |      13 |      11 |  45.8
     Lair:5 |    2288 |      90 |   3.8 |      12 |       1 |   7.7
    Ossuary |       0 |     764 | 100.0 |       0 |      19 | 100.0
            +---------+---------+-------+---------+---------+-------
